 Dungeon Crawl Stone Soup version 0.29.1-15-g9cfb28693d (webtiles) character file.

Game seed: 14840541844820394897

6 javelincjr the Magician (level 1, -1/13 HPs)
             Began as a Demonspawn Hedge Wizard on Mar 28, 2023.
             Slain by a goblin
             ... wielding a +0 club
              (4 damage)
             ... on level 1 of the Dungeon.
             The game lasted 00:00:52 (442 turns).

javelincjr the Magician (Demonspawn Hedge Wizard)    Turns: 442, Time: 00:00:52

Health: -1/13      AC:  2    Str: 10    XL:     1   Next: 75%
Magic:  4/4        EV: 12    Int: 15    God:
Gold:   15         SH:  0    Dex: 12    Spells: 5/6 levels left

rFire   . . .      SeeInvis .   a - +0 dagger
rCold   . . .      Faith    .   (no shield)
rNeg    . . .      Spirit   .   b - +0 robe
rPois   +          Reflect  .   c - +0 hat
rElec   .          Harm     .   (no cloak)
rCorr   .          Rampage  .   (no gloves)
Will    .....                   (no boots)
Stlth   ++........              (no amulet)
HPRegen 0.04/turn               f - ring of poison resistance
MPRegen 0.09/turn               (no ring)

@: no status effects
A: no striking features
a: no special abilities


You were on level 1 of the Dungeon.
You visited 1 branch of the dungeon, and saw 1 of its levels.

You collected 15 gold pieces.

Inventory:

Hand Weapons
 a - a +0 dagger (weapon)
Armour
 b - a +0 robe (worn)
 c - a +0 hat (worn)
Jewellery
 f - a ring of poison resistance (left hand)
Potions
 d - a potion of magic
 e - 2 potions of attraction {unknown}


   Skills:
 + Level 0.2 Fighting
 + Level 0.0 Armour
 + Level 1.8 Dodging
 - Level 1.8 Stealth
 + Level 3.0 Spellcasting
 + Level 1.1 Conjurations
 + Level 1.1 Summonings
 + Level 1.0 Translocations


You had 5 spell levels left.
You knew the following spells:

 Your Spells              Type           Power      Damage    Failure   Level
a - Magic Dart            Conj           20%        1d4       13%         1

Your spell library contained the following spells:

 Spells                   Type           Power      Damage    Failure   Level
 Blink                    Tloc           10%        N/A       19%         2
 Call Imp                 Summ           5%         N/A       19%         2
 Slow                     Hex            8%         N/A       21%         1
 Scorch                   Fire           4%         2d5       30%         2
 Conjure Flame            Conj/Fire      3%         6-21      43%         3
 Mephitic Cloud           Conj/Pois/Air  3%         N/A       45%         3
 Flame Wave               Conj/Fire      3%         2d5       85%         4
 Summon Cactus Giant      Summ           2%         N/A       100%        6


Dungeon Overview and Level Annotations

Branches:
Dungeon (1/15)

Altars:


Message History

You barely miss the dart slug.
The dart slug is moderately wounded.
The dart slug bites you.
You hit the dart slug but do no damage.
The dart slug is moderately wounded.
The dart slug launches a dart at you. The slug dart misses you.
You hit the dart slug.
The dart slug is heavily wounded.
A dart slug is nearby!
A dart slug is nearby!
You hit the dart slug.
The dart slug is severely wounded.
The dart slug bites you.
You are too injured to fight recklessly!
You are too injured to fight recklessly!
You are too injured to fight recklessly!
You are too injured to fight recklessly!
You are too injured to fight recklessly!
You hit the dart slug.
The dart slug is almost dead.
The dart slug misses you.
You hit the dart slug.
You kill the dart slug!
You see here a dart slug corpse.
You now have 5 gold pieces.
You now have 15 gold pieces (gained 10).
A goblin comes into view. It is wielding a +0 dagger.
The goblin shouts!
A rat comes into view.
A goblin comes into view. It is wielding a +0 club.
The goblin shouts!
You hit the goblin but do no damage. The goblin barely misses you.
The goblin hits you with a +0 dagger.
You closely miss the goblin. The goblin hits you with a +0 club.
The rat misses you. The goblin hits you with a +0 dagger.
* * * LOW HITPOINT WARNING * * *
You are too injured to fight recklessly!
The goblin attacks as you move away! The goblin hits you with a +0 club.
You die...

........### .
....................
#.
#.......##.####..###
#.##.......# # #..#
# ..........##. #..#
# ............ #..#
# #.......# #..# #
#..gr...# #..# #
#..@....# #..# #
##g#.##########..# #
#.#.............# #
.#.
#.#############.# #
.. #. #.# # ###.####
#. #.# # .......##
#. #.# # ........##
#. ##.###
.........## ##....#


You could see 2 goblins and a rat.

Vanquished Creatures
  A dart slug (D:1)
  A kobold (D:1)
  2 ball pythons (D:1)
4 creatures vanquished.

Notes
Turn   | Place    | Note
-------+----------+-------------------------------------------
     0 | D:1      | javelincjr the Demonspawn Hedge Wizard began the quest for
                  | the Orb.
     0 | D:1      | Reached XP level 1. HP: 13/13 MP: 4/4
    51 | D:1      | Reached skill level 1 in Translocations
   442 | D:1      | Slain by a goblin

Illustrated notes

Levels and vault maps discovered:
D:1:      psy_arrival_dodecagon, layout_loops_ring

Skill      XL: |  1 |
---------------+----+-----
Translocations | 1 |  1.0
Fighting       | |  0.2
Dodging        | |  1.8
Stealth        | |  1.8
Spellcasting   | |  3.0
Conjurations   | |  1.1
Summonings     | |  1.1

Action                   || total
-------------------------++-------
Melee: Dagger            ||    23
       Punch             ||     1
Armor: Robe              ||     3
Dodge: Dodged            ||    11
